| TOP OF THE 1ST |
|
Buffalo Bisons batting - Pitching for Durham Bulls : RHP Ray Willenbrink
|
|
Pitching: RHP Ray Willenbrink
|
|
|
Batting: LHB Michael Byrd
|
0-0: Foul Ball, location: 2F 0-1: Called Strike 0-2: Ball 1-2: Ball 2-2: Foul Ball, location: 2F 2-2: Foul Ball, location: 2F 2-2: Foul Ball, location: 2F 2-2: Ground out 1-3 (Groundball, 34S, EV 76.3 MPH)
|
|
Batting: LHB Isto Mäyrä
|
0-0: Ball 1-0: Foul Ball, location: 2F 1-1: Ball 2-1: Ball 3-1: Called Strike 3-2: SINGLE (Line Drive, 9S, EV 98.1 MPH)
|
|
Batting: RHB Ryan Kinkead
|
0-0: DOUBLE (Flyball, 89XD, EV 109.4 MPH) Isto Mäyrä to third
|
|
Batting: LHB Josh Stuck
|
0-0: Ball 1-0: Foul Ball, location: 2F 1-1: Ball 2-1: Foul Ball, location: 2F 2-2: Foul Ball, location: 2F 2-2: Foul Ball, location: 2F 2-2: Ball 3-2: Ground out 4-3 (Groundball, P, EV 86.9 MPH) Isto Mäyrä scores Ryan Kinkead to third
|
|
Batting: RHB Danny Burnside
|
0-0: Ball 1-0: Called Strike 1-1: Swinging Strike 1-2: Foul Ball, location: 2F 1-2: Strikes out swinging
|
| Top of the 1st over - 1 run, 2 hits, 0 errors, 1 left on base; Buffalo 1 - Durham 0 |
| BOTTOM OF THE 1ST |
|
Durham Bulls batting - Pitching for Buffalo Bisons : RHP Zack Rust
|
|
Pitching: RHP Zack Rust
|
|
|
Batting: RHB John Ham
|
0-0: Ground out 5-3 (Groundball, 56S, EV 66.3 MPH)
|
|
Batting: SHB Ben Pierce
|
0-0: Ball 1-0: Fly out, F4 (Line Drive, 4, EV 71.3 MPH)
|
|
Batting: RHB Amari Benton
|
0-0: Ball 1-0: Ball 2-0: Ground out 5-3 (Groundball, 56S, EV 90.0 MPH)
|
| Bottom of the 1st over - 0 runs, 0 hits, 0 errors, 0 left on base; Buffalo 1 - Durham 0 |
| TOP OF THE 2ND |
|
Buffalo Bisons batting - Pitching for Durham Bulls : RHP Ray Willenbrink
|
|
Batting: SHB Phuck
|
0-0: Ground out U3 (Groundball, 3, EV 87.5 MPH)
|
|
Batting: RHB Jon Aguilar
|
0-0: Ball 1-0: Called Strike 1-1: Ball 2-1: Called Strike 2-2: Foul Ball, location: 2F 2-2: Ball 3-2: Fly out, F6 (Flyball, 5D, EV 93.8 MPH)
|
|
Batting: RHB Tony Rosas
|
0-0: Ball 1-0: Swinging Strike 1-1: Called Strike 1-2: Ground out 5-3 (Groundball, 56, EV 105.0 MPH)
|
| Top of the 2nd over - 0 runs, 0 hits, 0 errors, 0 left on base; Buffalo 1 - Durham 0 |
| BOTTOM OF THE 2ND |
|
Durham Bulls batting - Pitching for Buffalo Bisons : RHP Zack Rust
|
|
Batting: LHB Jimmy Buscemi
|
0-0: DOUBLE (Flyball, 8RXD, EV 106.3 MPH)
|
|
Batting: RHB Nick Sharp
|
0-0: Fly out, F8 (Flyball, 8LM, EV 94.4 MPH)
|
|
Batting: LHB Angel Ruvalcaba
|
0-0: Fly out, F6 (Line Drive, 6, EV 74.4 MPH)
|
|
Batting: RHB Shinji Aizawa
|
0-0: Called Strike 0-1: Foul Ball, location: 2F 0-2: DOUBLE (Line Drive, 5D, EV 98.8 MPH) Jimmy Buscemi scores
|
|
Batting: RHB Jose Herrera
|
0-0: Called Strike 0-1: Ball 1-1: SINGLE (Groundball, 34D, EV 100.0 MPH) Shinji Aizawa to third Runner from 3rd tries for Home, SAFE, throw by RF to home
|
|
Batting: RHB Dusty Camelli
|
0-0: Called Strike 0-1: Swinging Strike 0-2: Strikes out looking
|
| Bottom of the 2nd over - 2 runs, 3 hits, 0 errors, 1 left on base; Buffalo 1 - Durham 2 |
| TOP OF THE 3RD |
|
Buffalo Bisons batting - Pitching for Durham Bulls : RHP Ray Willenbrink
|
|
Batting: RHB John Loving
|
0-0: Ball 1-0: Foul Ball, location: 2F 1-1: Called Strike 1-2: Foul Ball, location: 2F 1-2: Hit by Pitch
|
|
Batting: LHB Michael Byrd
|
0-0: Ball 1-0: Fielders Choice at 2nd, 4-6 (Groundball, 4, EV 93.1 MPH)
|
|
Batting: LHB Isto Mäyrä
|
0-0: Called Strike 0-1: Ball 1-1: Foul Ball, location: 2F 1-2: Foul Ball, location: 2F 1-2: Grounds into double play, 4-6-3 (Groundball, 34, EV 82.5 MPH)
|
| Top of the 3rd over - 0 runs, 0 hits, 0 errors, 0 left on base; Buffalo 1 - Durham 2 |
| BOTTOM OF THE 3RD |
|
Durham Bulls batting - Pitching for Buffalo Bisons : RHP Zack Rust
|
|
Batting: RHB John Ham
|
0-0: Ball 1-0: Ball 2-0: Ball 3-0: Base on Balls
|
|
Batting: SHB Ben Pierce
|
0-0: Ball 1-0: Called Strike John Ham steals 2nd base 1-1: Fly out, F7 (Line Drive, 7, EV 92.5 MPH)
|
|
Batting: RHB Amari Benton
|
0-0: Ball 1-0: Ball 2-0: SINGLE (Groundball, 56D, EV 103.1 MPH) John Ham to third Runner from 3rd tries for Home, throw by LF and OUT! 7-2
|
|
Batting: LHB Jimmy Buscemi
|
0-0: Foul Ball, location: 2F 0-1: Called Strike 0-2: Foul Ball, location: 2F 0-2: Ball 1-2: Ball 2-2: Ball 3-2: Foul Ball, location: 2F 3-2: Fly out, F4 (Popup, 34D, EV 41.9 MPH)
|
| Bottom of the 3rd over - 0 runs, 1 hit, 0 errors, 1 left on base; Buffalo 1 - Durham 2 |
| TOP OF THE 4TH |
|
Buffalo Bisons batting - Pitching for Durham Bulls : RHP Ray Willenbrink
|
|
Batting: RHB Ryan Kinkead
|
0-0: Called Strike 0-1: Foul Ball, location: 2F 0-2: Strikes out looking
|
|
Batting: LHB Josh Stuck
|
0-0: Called Strike 0-1: Ball 1-1: Foul Ball, location: 2F 1-2: Ground out 4-3 (Groundball, 4, EV 83.8 MPH)
|
|
Batting: RHB Danny Burnside
|
0-0: Called Strike 0-1: Ground out 1-3 (Groundball, 34S, EV 68.1 MPH)
|
| Top of the 4th over - 0 runs, 0 hits, 0 errors, 0 left on base; Buffalo 1 - Durham 2 |
| BOTTOM OF THE 4TH |
|
Durham Bulls batting - Pitching for Buffalo Bisons : RHP Zack Rust
|
|
Batting: RHB Nick Sharp
|
0-0: Ball 1-0: Swinging Strike 1-1: Ball 2-1: Foul Ball, location: 2F 2-2: Ground out 6-3 (Groundball, 6, EV 103.1 MPH)
|
|
Batting: LHB Angel Ruvalcaba
|
0-0: Foul Ball, location: 2F 0-1: Ball 1-1: Foul Ball, location: 2F 1-2: Ball 2-2: Ground out U3 (Groundball, 13, EV 76.9 MPH)
|
|
Batting: RHB Shinji Aizawa
|
0-0: Called Strike 0-1: Foul Ball, location: 2F 0-2: Strikes out swinging
|
| Bottom of the 4th over - 0 runs, 0 hits, 0 errors, 0 left on base; Buffalo 1 - Durham 2 |
| TOP OF THE 5TH |
|
Buffalo Bisons batting - Pitching for Durham Bulls : RHP Ray Willenbrink
|
|
Batting: SHB Phuck
|
0-0: Ball 1-0: Ball 2-0: Foul Ball, location: 2F 2-1: Foul Ball, location: 2F 2-2: Ball 3-2: Ground out 5-3 (Groundball, 56, EV 78.8 MPH)
|
|
Batting: RHB Jon Aguilar
|
0-0: Ball 1-0: Ground out 5-3 (Groundball, 56S, EV 70.6 MPH)
|
|
Batting: RHB Tony Rosas
|
0-0: Called Strike 0-1: Swinging Strike 0-2: Ball 1-2: Fly out, F8 (Flyball, 8RS, EV 87.5 MPH)
|
| Top of the 5th over - 0 runs, 0 hits, 0 errors, 0 left on base; Buffalo 1 - Durham 2 |
| BOTTOM OF THE 5TH |
|
Durham Bulls batting - Pitching for Buffalo Bisons : RHP Zack Rust
|
|
Batting: RHB Jose Herrera
|
0-0: Ball 1-0: Ball 2-0: Ground out 5-3 (Groundball, 56S, EV 66.3 MPH)
|
|
Batting: RHB Dusty Camelli
|
0-0: Ground out 6-3 (Groundball, 6S, EV 86.3 MPH)
|
|
Batting: RHB John Ham
|
0-0: Foul Ball, location: 2F 0-1: Ball 1-1: Foul Ball, location: 2F 1-2: Ball 2-2: Ball 3-2: Foul Ball, location: 2F 3-2: Base on Balls
|
|
Batting: SHB Ben Pierce
|
0-0: Ball Wild Pitch! John Ham to second 1-0: Fly out, F8 (Flyball, 8LS, EV 85.0 MPH)
|
| Bottom of the 5th over - 0 runs, 0 hits, 0 errors, 1 left on base; Buffalo 1 - Durham 2 |
| TOP OF THE 6TH |
|
Buffalo Bisons batting - Pitching for Durham Bulls : RHP Ray Willenbrink
|
|
Batting: RHB John Loving
|
0-0: Ball 1-0: Ball 2-0: Fly out, F8 (Flyball, 8RM, EV 89.4 MPH)
|
|
Batting: LHB Michael Byrd
|
0-0: Ball 1-0: Ball 2-0: Called Strike 2-1: Fly out, F7 (Flyball, 7, EV 93.1 MPH)
|
|
Batting: LHB Isto Mäyrä
|
0-0: Called Strike 0-1: Ball 1-1: Ball 2-1: Ground out 4-3 (Groundball, 4, EV 83.1 MPH)
|
| Top of the 6th over - 0 runs, 0 hits, 0 errors, 0 left on base; Buffalo 1 - Durham 2 |
| BOTTOM OF THE 6TH |
|
Durham Bulls batting - Pitching for Buffalo Bisons : RHP Zack Rust
|
|
Batting: RHB Amari Benton
|
0-0: Ball 1-0: Swinging Strike 1-1: Foul Ball, location: 2F 1-2: Ball 2-2: Foul Ball, location: 2F 2-2: Ball 3-2: Base on Balls
|
|
Batting: LHB Jimmy Buscemi
|
0-0: Called Strike 0-1: Ball 1-1: Ball 2-1: Foul Ball, location: 2F 2-2: Ground out 4-3 (Groundball, 34D, EV 88.8 MPH) Amari Benton to second
|
|
Batting: RHB Nick Sharp
|
0-0: Called Strike 0-1: Foul Ball, location: 2F 0-2: Foul Ball, location: 2F 0-2: DOUBLE (Flyball, 8LXD, EV 92.5 MPH) Amari Benton scores
|
|
Batting: LHB Angel Ruvalcaba
|
0-0: SINGLE (Flyball, 9LS, EV 91.3 MPH) Nick Sharp to third Runner from 3rd tries for Home, throw by RF and OUT! 9-2
|
|
Batting: RHB Shinji Aizawa
|
0-0: Ball 1-0: Called Strike 1-1: Called Strike 1-2: Foul Ball, location: 2F 1-2: Ball 2-2: 2-RUN HOME RUN (Flyball, 9D, EV 100.6 MPH), Distance : 363 ft
|
|
Pitching: RHP Chase Schlong
|
|
|
Batting: RHB Jose Herrera
|
0-0: Foul Ball, location: 2F 0-1: Ground out 5-3 (Groundball, 15, EV 88.8 MPH)
|
| Bottom of the 6th over - 3 runs, 3 hits, 0 errors, 0 left on base; Buffalo 1 - Durham 5 |
| TOP OF THE 7TH |
|
Buffalo Bisons batting - Pitching for Durham Bulls : RHP Ray Willenbrink
|
|
Batting: RHB Ryan Kinkead
|
0-0: Called Strike 0-1: Ball 1-1: Ball 2-1: Ball 3-1: Fly out, F8 (Flyball, 8LS, EV 73.1 MPH)
|
|
Batting: LHB Josh Stuck
|
0-0: Fly out, F4 (Line Drive, 4, EV 62.5 MPH)
|
|
Batting: RHB Danny Burnside
|
0-0: Foul Ball, location: 2F 0-1: Foul Ball, location: 2F 0-2: Foul Ball, location: 2F 0-2: Ball 1-2: Ground out 6-3 (Groundball, 6, EV 80.0 MPH)
|
| Top of the 7th over - 0 runs, 0 hits, 0 errors, 0 left on base; Buffalo 1 - Durham 5 |
| BOTTOM OF THE 7TH |
|
Durham Bulls batting - Pitching for Buffalo Bisons : RHP Chase Schlong
|
|
Batting: RHB Dusty Camelli
|
0-0: Ball 1-0: Called Strike 1-1: Foul Ball, location: 2F 1-2: Strikes out swinging
|
|
Batting: RHB John Ham
|
0-0: Ball 1-0: Ball 2-0: Ball 3-0: Called Strike 3-1: Base on Balls
|
|
Batting: SHB Ben Pierce
|
0-0: Called Strike 0-1: Called Strike 0-2: Ball 1-2: Ball 2-2: Ball 3-2: Base on Balls John Ham to second
|
|
Batting: RHB Amari Benton
|
0-0: Reached on error, E7 (Flyball, 7S, EV 91.3 MPH) John Ham to third Ben Pierce to second
|
|
Batting: LHB Jimmy Buscemi
|
0-0: Ball 1-0: Ball 2-0: Called Strike 2-1: Ball 3-1: Called Strike 3-2: Base on Balls John Ham scores Ben Pierce to third Amari Benton to second
|
|
Batting: RHB Nick Sharp
|
0-0: Called Strike 0-1: Ball 1-1: Ball 2-1: Ball 3-1: DOUBLE (Flyball, 89D, EV 108.8 MPH) Ben Pierce scores Amari Benton scores Jimmy Buscemi to third
|
|
Batting: LHB Angel Ruvalcaba
|
0-0: Ball 1-0: Called Strike 1-1: Ball 2-1: Ball 3-1: Fly out, F8 (Flyball, 8LD, EV 99.4 MPH)
|
|
Pitching: LHP Josh Black
|
|
|
Batting: RHB Shinji Aizawa
|
0-0: Swinging Strike 0-1: Ground out 4-3 (Groundball, 4, EV 100.6 MPH)
|
| Bottom of the 7th over - 3 runs, 1 hit, 1 error, 2 left on base; Buffalo 1 - Durham 8 |
| TOP OF THE 8TH |
|
Buffalo Bisons batting - Pitching for Durham Bulls : RHP Ray Willenbrink
|
|
Batting: SHB Phuck
|
0-0: Ball 1-0: Ball 2-0: Called Strike 2-1: Ball 3-1: Base on Balls
|
|
Batting: RHB Jon Aguilar
|
0-0: Called Strike 0-1: Ball 1-1: Swinging Strike 1-2: Strikes out swinging
|
|
Pitching: RHP Don Henley
|
|
|
Pinch Hitting: RHB Alex Ramos
|
0-0: Ball 1-0: Called Strike 1-1: Foul Ball, location: 2F 1-2: Ball 2-2: Foul Ball, location: 2F 2-2: Foul Ball, location: 2F 2-2: Ball 3-2: 2-RUN HOME RUN (Flyball, 7D, EV 99.4 MPH), Distance : 398 ft
|
|
Batting: RHB John Loving
|
0-0: Called Strike 0-1: Foul Ball, location: 2F 0-2: Ball 1-2: Foul Ball, location: 2F 1-2: Ball 2-2: Strikes out swinging
|
|
Batting: LHB Michael Byrd
|
0-0: Foul Ball, location: 2F 0-1: Called Strike 0-2: Ball 1-2: Foul Ball, location: 2F 1-2: Ball 2-2: Foul Ball, location: 2F 2-2: Ground out 5-3 (Groundball, 56, EV 91.3 MPH)
|
| Top of the 8th over - 2 runs, 1 hit, 0 errors, 0 left on base; Buffalo 3 - Durham 8 |
| BOTTOM OF THE 8TH |
|
Durham Bulls batting - Pitching for Buffalo Bisons : LHP Josh Black
|
|
Now at 2B: Alex Ramos
|
|
|
Batting: RHB Jose Herrera
|
0-0: Foul Ball, location: 2F 0-1: Foul Ball, location: 2F 0-2: Foul Ball, location: 2F 0-2: Ball 1-2: Ground out 5-3 (Groundball, 5, EV 107.5 MPH)
|
|
Batting: RHB Dusty Camelli
|
0-0: Ball 1-0: Called Strike 1-1: Called Strike 1-2: Ball 2-2: Strikes out swinging
|
|
Batting: RHB John Ham
|
0-0: Fly out, F9 (Flyball, 9S, EV 91.3 MPH)
|
| Bottom of the 8th over - 0 runs, 0 hits, 0 errors, 0 left on base; Buffalo 3 - Durham 8 |
| TOP OF THE 9TH |
|
Buffalo Bisons batting - Pitching for Durham Bulls : RHP Don Henley
|
|
Batting: LHB Isto Mäyrä
|
0-0: Called Strike 0-1: Ball 1-1: Ball 2-1: Fly out, F4 (Line Drive, 4, EV 71.9 MPH)
|
|
Batting: RHB Ryan Kinkead
|
0-0: Ball 1-0: Foul Ball, location: 2F 1-1: Ball 2-1: Foul Ball, location: 2F 2-2: Ground out 4-3 (Groundball, 4, EV 87.5 MPH)
|
|
Batting: LHB Josh Stuck
|
0-0: Ball 1-0: Ball 2-0: Swinging Strike 2-1: Ball 3-1: Called Strike 3-2: Fly out, F8 (Flyball, 8RM, EV 98.1 MPH)
|
| Top of the 9th over - 0 runs, 0 hits, 0 errors, 0 left on base; Buffalo 3 - Durham 8 |
|